 Dungeon Crawl Stone Soup version 0.29-a0-668-g12ee2bf84d (webtiles) character file.

Game seed: 14965253666748161279

2 blackman the Sneak (level 1, -2/18 HPs)
             Began as a Human Delver on June 23, 2022.
             Was an Initiate of Okawaru.
             Slain by Ijyb
             ... wielding a +0 club
              (6 damage)
             ... on level 4 of the Dungeon.
             The game lasted 00:02:32 (569 turns).

blackman the Sneak (Human Delver)                    Turns: 569, Time: 00:02:33

Health: -2/18      AC:  7    Str: 12    XL:     1   Next: 44%
Magic:  1/1        EV: 12    Int: 10    God:    Okawaru [......]
Gold:   29         SH:  0    Dex: 14    Spells: 0/0 levels left

rFire   . . .      SeeInvis .   i - +0 war axe
rCold   . . .      Faith    .   (no shield)
rNeg    . . .      Spirit   .   b - +0 leather armour
rPois   .          Reflect  .   (no helmet)
rElec   .          Harm     .   (no cloak)
rCorr   .          Rampage  .   (no gloves)
Will    .....                   (no boots)
Stlth   +.........              (no amulet)
HPRegen 0.06/turn               g - +4 ring of protection
MPRegen 0.07/turn               (no ring)

@: confused
A: no striking features
a: Renounce Religion


You were on level 4 of the Dungeon.
You worshipped Okawaru.
Okawaru was noncommittal.
You visited 1 branch of the dungeon, and saw 2 of its levels.

You collected 29 gold pieces.

Inventory:

Hand Weapons
 a - a +0 hand axe
 i - a +0 war axe (weapon)
Armour
 b - a +0 leather armour (worn)
Jewellery
 d - a ring of ice
 g - a +4 ring of protection (left hand)
Scrolls
 c - a scroll of fog
 f - a scroll of fear
Potions
 e - a potion of haste
 h - a potion of attraction {unknown}


   Skills:
 - Level 3.0 Fighting
 + Level 2.1 Axes
 - Level 2.0 Dodging
 - Level 5.0 Stealth


You couldn't memorise any spells.
You didn't know any spells.
Your spell library was empty.

Dungeon Overview and Level Annotations

Branches:
Dungeon (5/15)
 Temple: D:4-7

Altars:
Okawaru

Annotations:
D:4 Ijyb


Message History

Found a ring mail.
No target in view!
You hear the brisk rusting of a very distant drain.
Key pressed, stopping explore.
Ijyb the Twisted Goblin comes into view.
She is wielding a +0 club and carrying a wand of charming (13).
The helpless Ijyb fails to defend herself.
You hit Ijyb but do no damage.
Ijyb zaps a wand.
Your will is overpowered!
You are confused.
Ijyb zaps a wand.
You resist with significant effort.
You hit Ijyb but do no damage. Ijyb misses you.
You're too confused to move!
Ijyb hits you with a +0 club.
You bump into the rock wall.
Ijyb zaps a wand.
You resist with significant effort.
You closely miss Ijyb.
Ijyb zaps a wand.
Your will is overpowered!
You are more confused.
Ijyb screams, "Me stronger than you!"
Ijyb zaps a wand.
You resist with significant effort.
You bump into the rock wall.
Ijyb hits you with a +0 club.
You miss Ijyb. Ijyb hits you with a +0 club.
You hit Ijyb.
Ijyb is lightly wounded.
Ijyb hits you with a +0 club.
You bump into the rock wall.
Ijyb hits you but does no damage.
You hit Ijyb but do no damage.
Ijyb is lightly wounded.
You feel less confused. Ijyb hits you with a +0 club.
Ijyb zaps a wand.
Your will is overpowered!
You are confused.
You bump into the rock wall.
Ijyb hits you with a +0 club.
You bump into the rock wall.
Ijyb hits you with a +0 club.
You bump into the rock wall.
Ijyb hits you with a +0 club.
* * * LOW HITPOINT WARNING * * *
You bump into the rock wall.
Ijyb barely misses you.
You hit Ijyb but do no damage.
Ijyb is lightly wounded.
Ijyb zaps a wand.
You resist with significant effort.
You hit Ijyb but do no damage.
Ijyb is lightly wounded.
Ijyb hits you with a +0 club.
You die...

#.# ##.# #......#......##
#.######.###......#......##
.................>.....####
#.................###### #
########.######..# #
...............(# #
#######..#####.## # ##.#
#.# # #@# #.# # #.g# ... #
##.# #.... .# #..... .#
#)....# .# #...... .#
##.####. ..


You could see Ijyb.

Vanquished Creatures
  2 hobgoblins
2 creatures vanquished.

Notes
Turn   | Place    | Note
-------+----------+-------------------------------------------
     0 | D:5      | blackman the Human Delver began the quest for the Orb.
     0 | D:5      | Reached XP level 1. HP: 18/18 MP: 1/1
    11 | D:5      | Noticed an iguana
    12 | D:5      | Noticed an iguana
    27 | D:5      | Found an iron altar of Okawaru.
    32 | D:5      | Became a worshipper of Warmaster Okawaru
    79 | D:5      | Noticed a scorpion
   547 | D:4      | Noticed Ijyb
   569 | D:4      | Slain by Ijyb

Illustrated notes

Levels and vault maps discovered:
D:4:      kennysheep_the_goblin_king, layout_basic, portal_sewer_entry_d,
          corexii_corridor_pit, uniq_ijyb
D:5:      layout_basic, kennysheep_mini, okawaru_altar_gauntlet_db

Action                   || total
-------------------------++-------
Melee: War axe           ||     9
       Hand axe          ||     4
Evoke: Wand              ||     3
  Use: Scroll            ||     2
       Potion            ||     1
 Stab: Sleeping          ||     1
Armor: Leather armour    ||     3
Dodge: Dodged            ||    11

Table legend: (Time is in decaauts)
 A = Elapsed time spent in this place.
 B = Non-inter-level travel time spent in this place.
 C = Inter-level travel time spent in this place.
 D = Time resting spent in this place.
 E = Time spent auto-exploring this place.
 F = Levels seen in this place.
 G = Mean time per level.
                   A        B        C        D        E       F      G
               +--------+--------+--------+--------+--------+-----+--------+
         Total |    553 |    528 |     25 |    304 |    114 |   2 |  276.5 |
       Dungeon |    553 |    528 |     25 |    304 |    114 |   2 |  276.5 |
               +--------+--------+--------+--------+--------+-----+--------+

Top non-repeatable levels by time:
     D:4: 485 daAuts
     D:5: 68 daAuts
